AoeStats
← Licrovan

Black Forest

510129617Analyzed
3v3 RM · 4d ago on Sep 29, 2026· 43m 46s· 6 players
Game mode
Random Map
Map size
Normal (6 player)
Population
200
Speed
Normal
Resources
Standard
Victory
Conquest
Starting age
Dark Age
Ending age
Imperial Age
RankedLock teamsTeams togetherTeam positionsShared explorationLock speedFull tech treeHidden civsTurbo modeCheats
Victory
Defeat
🇵🇱 Maya · Poland
884
+16
🇲🇽 Italians · Mexico
881
+16
🇦🇷 Khmer · Argentina
856
+17
🇳🇱 Bohemians · Netherlands
1053
-23
🇳🇱 Portuguese · Netherlands
797
-27
🇳🇱 Spanish · Netherlands
797
-27
nicolas.e.delgadillo96
0:45 Loom
11:34 Feudal Age
17:47 Castle Age
18:15 Castle Age
19:13 Double-Bit Axe
20:23 Bow Saw
26:35 Gold Mining
26:35 Stone Mining
26:45 Stone Mining
26:59 Horse Collar
28:24 Wheelbarrow
27:55 Heavy Plow
28:10 Fletching
33:50 Imperial Age
32:40 Padded Archer Armor
33:36 Gold Shaft Mining
33:36 Stone Shaft Mining
33:41 Hand Cart
34:13 Bodkin Arrow
35:04 Ballistics
35:45 Chemistry
35:07 Leather Archer Armor
36:23 Bracer
36:14 Town Watch
36:45 Scale Barding Armor
37:15 Forging
38:22 Town Patrol
38:53 Conscription
39:44 Ring Archer Armor
40:36 Double Crossbow
Mr.Scavenger
0:27 Loom
15:58 Feudal Age
20:15 Double-Bit Axe
22:32 Town Watch
24:36 Horse Collar
25:31 Forging
26:04 Gold Mining
26:08 Stone Mining
27:39 Scale Barding Armor
30:26 Castle Age
29:22 Fletching
29:36 Padded Archer Armor
31:02 Wheelbarrow
30:37 Light Cavalry
31:18 Husbandry
31:13 Crossbowman
31:59 Thumb Ring
32:12 Bodkin Arrow
33:20 Ballistics
33:06 Fishing Lines
38:27 Imperial Age
37:49 Hand Cart
40:02 Iron Casting
40:06 Stone Shaft Mining
39:50 Town Patrol
41:22 Bracer
42:25 Chemistry
41:45 Bow Saw
42:33 Leather Archer Armor
42:53 Conscription
42:15 Hussar
43:07 Bloodlines
TotalNoobPL
0:31 Loom
14:34 Feudal Age
15:13 Double-Bit Axe
17:29 Horse Collar
23:07 Fletching
25:03 Gold Mining
26:27 Town Watch
27:18 Stone Mining
30:34 Castle Age
30:21 Padded Archer Armor
30:41 Eagle Warrior
31:25 Heavy Plow
31:45 Bow Saw
32:07 Squires
32:48 Pikeman
33:15 Arson
33:49 Thumb Ring
33:05 Elite Skirmisher
33:45 Bodkin Arrow
34:57 Caravan
37:50 Wheelbarrow
37:22 Hul'che Javelineers
39:37 Fortified Wall
39:48 Ballistics
39:10 Treadmill Crane
40:37 Stone Shaft Mining
40:31 Hand Cart
40:51 Coinage
46:30 Imperial Age
44:30 Masonry
Ancrypto
13:44 Feudal Age
17:23 Wheelbarrow
19:23 Man-at-Arms
24:33 Bloodlines
24:14 Loom
26:36 Castle Age
25:32 Horse Collar
28:24 Hand Cart
29:57 Double-Bit Axe
30:20 Heavy Plow
34:00 Imperial Age
36:14 Husbandry
ZeChaos
2:35 Loom
14:04 Feudal Age
14:32 Double-Bit Axe
24:01 Castle Age
22:13 Fishing Lines
22:49 Horse Collar
24:14 Wheelbarrow
25:17 Bow Saw
25:02 Gillnets
29:14 Fletching
29:45 Hand Cart
32:42 Imperial Age
29:59 Town Watch
30:37 Bodkin Arrow
31:06 Ballistics
31:50 Chemistry
30:56 Heavy Plow
31:47 Forging
31:38 Scale Mail Armor
33:11 Pikeman
33:51 Squires
34:01 Scale Barding Armor
34:13 Chain Mail Armor
35:55 Conscription
36:21 Heavy Scorpion
36:25 Houfnice
36:27 Halberdier
37:39 Plate Mail Armor
37:45 Iron Casting
37:41 Bracer
41:37 Capped Ram
43:22 Blast Furnace
Licrovan
15:29 Feudal Age
18:44 Double-Bit Axe
19:32 Arson
20:05 Loom
20:59 Wheelbarrow
24:17 Town Watch
25:11 Horse Collar
30:06 Castle Age
30:24 Padded Archer Armor
30:21 Fletching
33:50 Pikeman
41:20 Crossbowman
42:08 Thumb Ring
Connection lost

Rejoining the realm…

Still unreachable

The connection could not be restored.

Session expired

The server has moved on; the page needs a fresh start.